 Dungeon Crawl Stone Soup version 0.23.2-1-ga50397a6bc (webtiles) character file.

Game seed: 16787866577315421114

63 Gunterle the Ducker (level 3, 0/19 HPs)
             Began as a Spriggan Abyssal Knight on May 11, 2019.
             Was a Follower of Lugonu.
             Slain by Natasha (6 damage)
             ... on level 2 of the Dungeon.
             The game lasted 00:07:27 (2288 turns).

Gunterle the Ducker (Spriggan Abyssal Knight)       Turns: 2288, Time: 00:07:27

Health: 0/19       AC:  2    Str:  9    XL:     3   Next: 87%
Magic:  5/5        EV: 19    Int: 13    God:    Lugonu [*.....]
Gold:   108        SH:  0    Dex: 15    Spells: 2/2 levels left

rFire    . . .     SeeInvis +   a - +1 short sword
rCold    . . .     Gourm    .   (shield restricted)
rNeg     . . .     Faith    .   b - +0 robe
rPois    .         Spirit   .   (helmet restricted)
rElec    .         Reflect  .   (no cloak)
rCorr    .         Harm     .   (gloves unavailable)
MR       .....                  (boots unavailable)
Stlth    ++........             (no amulet)
HPRegen  0.06/turn              (no ring)
MPRegen  0.09/turn              (no ring)

@: very quick
A: very small, unfitting armour, see invisible, herbivore, speed 3, slow
metabolism 2
a: Depart the Abyss, Renounce Religion


You were on level 2 of the Dungeon.
You worshipped Lugonu.
Lugonu was aware of your devotion.
You were not hungry.

You visited 1 branch of the dungeon, and saw 2 of its levels.
You visited the Abyss 1 time.

You collected 108 gold pieces.

Inventory:

Hand Weapons
 a - a +1 short sword (weapon)
Missiles
 l - 105 stones (quivered)
Armour
 b - a +0 robe (worn)
Jewellery
 n - an uncursed ring of fire {unknown}
Scrolls
 d - 2 scrolls of remove curse {unknown}
 e - 3 scrolls of identify {unknown}
 h - a scroll of teleportation {unknown}
 j - a scroll of blinking {unknown}
 m - a scroll of magic mapping {unknown}
 o - 2 scrolls of fog {unknown}
Potions
 f - a potion of lignification {unknown}
 g - a potion of heal wounds {unknown}
 i - a potion of curing
 k - a potion of might {unknown}
Comestibles
 c - 4 rations


   Skills:
 + Level 2.7 Fighting
 * Level 3.3 Short Blades
 + Level 4.2 Dodging
 + Level 2.3 Stealth
 + Level 1.9 Invocations


You had 2 spell levels left.
You didn't know any spells.
Your spell library was empty.

Dungeon Overview and Level Annotations

Branches:
Dungeon (2/15)

Altars:
Hepliaklqana
Qazlal

Annotations:
D:2 Natasha


Innate Abilities, Weirdness & Mutations

You are very small and have problems with some larger weapons.
You are too small for most types of armour.
You have supernaturally acute eyesight. (SInv)
You are a herbivore.
You cover ground extremely quickly.
You need to consume almost no food.


Message History

You hit Natasha.
Natasha is severely wounded.
Natasha closely misses you.
Unknown command.
You closely miss Natasha.
Natasha is severely wounded.
The crimson imp blinks!
Natasha misses you.
Unknown command.
You closely miss Natasha.
Natasha is severely wounded.
The crimson imp hits you.
Unknown command.
You closely miss Natasha.
Natasha is severely wounded.
Natasha closely misses you. The crimson imp closely misses you.
Unknown command.
You hit Natasha.
Natasha is almost dead.
Natasha claws you.
You die...

..#..######.^§§.(≈.^...#
....## #≈^#^≈.^≈#^^#
.#### #.##≈..≈^#(≈# '##
#^#^^≈.≈#≈..# ..##
#.≈.≈^.≈≈.^.# ...##
##.###†.####.# ....##
##..# #.##
.....####†..###.#####.#.
.....'.......†..@h......
.....####..[#####5..#...
....## ##..# ..## ...##
##.# ..# ..## #.# #.#
+## ##.# .. #..# #.. .
#.## ## .## #.#


You could see Natasha and a crimson imp.

Vanquished Creatures
  2 adders
  An ooze (D:1)
  A dart slug (D:1)
  3 bats
  2 giant cockroaches (D:2)
  5 goblins
  5 hobgoblins (D:1)
  5 jackals (D:1)
  3 frilled lizards
  6 kobolds
  3 rats
36 creatures vanquished.

Vanquished Creatures (others)
  A starspawn tentacle (Abyss:1)
1 creature vanquished.

Grand Total: 37 creatures vanquished

Notes
Turn   | Place    | Note
-------+----------+-------------------------------------------
     0 | Abyss:1  | Gunterle the Spriggan Abyssal Knight began the quest for
                  | the Orb.
     0 | Abyss:1  | Reached XP level 1. HP: 11/11 MP: 3/3
    70 | Abyss:1  | Noticed an insubstantial wisp
    71 | Abyss:1  | Noticed a tentacled starspawn
    86 | Abyss:1  | Noticed a glowing orange brain
    89 | Abyss:2  | Noticed a ynoxinul
    90 | D:1      | Escaped the Abyss
   912 | D:1      | Reached skill level 1 in Stealth
   912 | D:1      | Reached XP level 2. HP: 13/16 MP: 4/4
   973 | D:1      | Reached * piety under Lugonu
  1174 | D:1      | Reached skill level 4 in Dodging
  1227 | D:1      | Reached XP level 3. HP: 16/19 MP: 5/5
  2161 | D:2      | Found a hazy altar of Hepliaklqana.
  2214 | D:2      | Found a stormy altar of Qazlal.
  2275 | D:2      | Noticed Natasha
  2288 | D:2      | Slain by Natasha

Skill      XL: |  1  2  3 |
---------------+----------+-----
Stealth        | 1 2 |  2.3
Dodging        | 4 |  4.2
Short Blades   | 3 |  3.3
Fighting       | |  2.7
Invocations    | |  1.9

Action                   || total
-------------------------++-------
Melee: Short sword       ||   153
Throw: Stone             ||     7
Invok: Depart the Abyss  ||     1
  Use: Potion            ||     1
 Stab: Sleeping          ||     7
Armor: Robe              ||     7
Dodge: Dodged            ||   118
